 Dungeon Crawl Stone Soup version 0.31-a0-1589-g8f5e8aebd6 (webtiles) character file.

Game seed: 16228682551499561267

37706 whatisthis the Destroyer (level 13, -2/111 HPs)
             Began as a Grey Draconian Conjurer on Jan 6, 2024.
             Was an Elder of Vehumet.
             Slain by a hornet (7 damage)
             ... while paralysed by a hornet
             ... on level 4 of the Lair of Beasts.
             The game lasted 01:11:51 (24232 turns).

whatisthis the Destroyer (Grey Draconian Conjurer) Turns: 24232, Time: 01:11:51

Health: -2/111     AC: 18    Str: 11    XL:     13   Next: 59%
Magic:  4/29       EV:  2    Int: 26    God:    Vehumet [****..]
Gold:   971        SH:  0    Dex: 15    Spells: 20/37 levels left

rFire   . . .        N - +0 demon whip (venom)
rCold   . . .        (no shield)
rNeg    . . .        (body armour unavailable)
rPois   .            P - +0 hat {Int+3}
rElec   .            x - +0 cloak
rCorr   .            (no gloves)
SInv    .            (no boots)
Will    .....        T - amulet of the acrobat
Stlth   ++           I - +4 ring of protection
HPRegen 0.38/turn    L - +6 ring of dexterity
MPRegen 0.21/turn

%: acrobat
@: paralysed, lethally poisoned (-2 -> -10), slowed
A: AC +13, amphibious, unfitting armour, cold-blooded
a: Renounce Religion


You were on level 4 of the Lair of Beasts.
You worshipped Vehumet.
Vehumet was greatly pleased with you.
You visited 3 branches of the dungeon, and saw 18 of its levels.

You collected 971 gold pieces.

Inventory:

Hand Weapons
 M - the +5 sling of Wrath {freeze, Fly Str+5 Dex+2 Stlth-}
   (You found it on level 8 of the Dungeon)

   Str+5:     It affects your strength (+5).
   Dex+2:     It affects your dexterity (+2).
   Fly:       It grants you flight.
   Stlth-:    It makes you less stealthy.
 N - a +0 demon whip of venom (weapon)
Missiles
 j - 32 poisoned darts (quivered)
 t - 5 curare-tipped darts
 y - 2 throwing nets
 O - 3 boomerangs
Armour
 r - a +2 hat
 x - a +0 cloak (worn)
 P - a +0 hat of intelligence (worn)
Jewellery
 G - a ring of see invisible
 H - a ring of flight
 I - a +4 ring of protection (left hand)
 L - a +6 ring of dexterity (right hand)
 Q - a +6 ring of strength
 T - an amulet of the acrobat (around neck)
Wands
 i - a wand of flame (27)
 o - a wand of mindburst (15)
 E - a wand of charming (8)
Scrolls
 c - 2 scrolls of immolation {unknown}
 h - 4 scrolls of teleportation
 m - 3 scrolls of amnesia {unknown}
 n - 5 scrolls of enchant weapon
 s - 2 scrolls of poison {unknown}
 u - 3 scrolls of fog {unknown}
 v - 2 scrolls of silence {unknown}
 w - 2 scrolls of blinking {unknown}
 B - a scroll of noise {unknown}
 D - 2 scrolls of vulnerability {unknown}
 F - 2 scrolls of torment {unknown}
 J - a scroll of butterflies {unknown}
 K - a scroll of revelation {unknown}
 R - 3 scrolls of enchant armour {unknown}
 S - a scroll of acquirement {unknown}
Potions
 a - 7 potions of brilliance
 b - 4 potions of lignification
 d - 2 potions of resistance
 e - 5 potions of might
 f - a potion of ambrosia
 g - 3 potions of mutation
 k - 2 potions of curing
 l - 2 potions of degeneration {unknown}
 p - a potion of invisibility {unknown}
 q - 3 potions of berserk rage
 z - 2 potions of haste
 A - 5 potions of heal wounds
 C - a potion of attraction {unknown}


   Skills:
 - Level 9.1 Fighting
 + Level 9.3 Dodging
 - Level 1.7 Stealth
 + Level 12.9 Spellcasting
 + Level 14.4 Conjurations
 - Level 4.8 Earth Magic


You had 20 spell levels left.
You knew the following spells:

 Your Spells              Type           Power      Damage    Failure   Level
a - Magic Dart            Conj           100%       1d8       0%          1
b - Searing Ray           Conj           100%       2d8       0%          2
c - Fulminant Prism       Conj/Alch      26%        3d13      1%          4
d - Iskenderun's Mystic   Conj/Tloc      53%        2d11      1%          4
e - Mephitic Cloud        Conj/Alch/Air  41%        N/A       1%          3
f - Stone Arrow           Conj/Erth      100%       3d13      1%          3

Your spell library contained the following spells:

 Spells                   Type           Power      Damage    Failure   Level
 Ignite Poison            Fire/Alch      16%        N/A       10%         4
 Mercury Vapours          Alch/Air       32%        N/A       1%          2
 Freezing Cloud           Conj/Ice/Air   20%        6-21      3%          5
 Ensorcelled Hibernation  Hex/Ice        32%        N/A       5%          2
 Conjure Ball Lightning   Conj/Air       26%        3x3d7     7%          6
 Fugue of the Fallen      Necr           16%        N/A       11%         3
 Anguish                  Hex/Necr       8%         N/A       34%         4
 Animate Dead             Necr           16%        N/A       34%         4
 Borgnjor's Vile Clutch   Necr/Erth      14%        N/A       34%         5
 Lehudib's Crystal Spear  Conj/Erth      30%        10d8      69%         8
 Death Channel            Necr           8%         N/A       99%         6
 Discord                  Hex            8%         N/A       100%        8
 Disjunction              Tloc           8%         N/A       100%        8
 Animate Armour           Summ/Erth      Unusable   N/A       N/A         4

Dungeon Overview and Level Annotations

Branches:
Dungeon (12/15)            Temple (1/1) D:4            Lair (5/5) D:10
 Shoals (0/4) Lair:2       Spider (0/4) Lair:3        Slime (0/5) Lair:4
    Orc (0/2) D:9

Altars:
Ashenzari
Cheibriados
Dithmenos
Elyvilon
Fedhas
Gozag
Hepliaklqana
Kikubaaqudgha
Makhleb
Nemelex Xobeh
Okawaru
Qazlal
Ru
Sif Muna
Trog
Uskayaw
Vehumet
Wu Jian
Xom
Yredelemnul
Zin
The Shining One
Jiyva

Shops:
D:2 ?   D:5 =   D:6 *

Annotations:
D:5 1 runed translucent door, Crazy Yiuf
D:6 1 exclusion, Edmund
D:9 Erolcha
Lair:2 2 runed translucent doors, Magod's ghost, journeyman HOFi


Innate Abilities, Weirdness & Mutations

Your dull iron-grey scales are very hard. (AC +13)
You are amphibious.
You cannot fit into any form of body armour.
You are cold-blooded and may be slowed by cold attacks.


Message History

The hornet barely misses you. The cane toad misses you. The hornet stings you!
* * * LOW HITPOINT WARNING * * *
You are lethally poisoned!
You feel as though you will be slow longer.
The cane toad stings you but does no damage.
Okay, then.
Unknown command.
You feel much better.
* * * LOW HITPOINT WARNING * * *
You feel extremely sick. The hornet misses you. The cane toad stings you!
* * * LOW HITPOINT WARNING * * *
The hornet stings you.
* * * LOW HITPOINT WARNING * * *
You feel as though you will be slow longer.
The cane toad misses you.
You feel much better.
You feel very sick. The hornet barely misses you.
The hornet stings you but does no damage.
The cane toad stings you but does no damage.
The hornet closely misses you.
You feel very sick. The cane toad completely misses you.
The hornet completely misses you.
You enter a dispersal trap!
The cane toad blinks!
The hornet blinks!
The cane toad blinks!
You blink.
You feel very sick.
You feel much better.
You feel very sick. The hornet stings you!
* * * LOW HITPOINT WARNING * * *
You are more poisoned.
You feel as though you will be slow longer.
The hornet stings you!
* * * LOW HITPOINT WARNING * * *
You suddenly lose the ability to move!
* * * LOW HITPOINT WARNING * * *
You feel very sick. The hornet stings you!
You die...

#P...........## #..........#
#####...[....###
##.#P#.###....#
##P......###..## ##
##....##.#.##..# #.
#..>_.###.##...# ##. ###
#..........#...######..
##.####.....@y.>.^..##.##....
#............F...............
#............#....#..........
#.............#...#.......#..
#.............#...#[....##...
#.............##...#....#..8.
###..#.P#.##.###ยง..#####.....
############.##....#......#
##.##.##.......###.


You could see a cane toad and a hornet.

Vanquished Creatures
  Gastronok (D:9)
  Erica (D:8)
  A hydra (Lair:2)
  A merfolk avatar (Lair:5)
  A centaur warrior (D:8)
  A two-headed ogre (D:10)
  Sonja (Lair:2)
  A skyshark (Lair:4)
  Amaemon (Lair:1)
  A cyclops (D:12)
  Joseph (Lair:1)
  8 elephants (Lair:4)
  5 black mambas
  An orange demon (Lair:1)
  A torpor snail (Lair:1)
  9 cane toads
  9 komodo dragons
  Jeremiah (D:9)
  4 rime drakes
  3 trolls
  3 polar bears
  2 hornets
  6 blink frogs
  2 dream sheep (Lair:1)
  2 jumping spiders (Lair:3)
  3 wyverns
  A vampire (D:11)
  2 wraiths
  41 yaks
  A basilisk (D:12)
  2 redbacks (Lair:3)
  2 steam dragons
  16 water moccasins
  3 acid dragons
  7 black bears
  12 orc warriors
  A sky beast (D:6)
  An ogre (D:5)
  8 wolves
  3 centaurs
  2 phantoms
  3 kobold brigands
  13 bullfrogs
  3 gnoll sergeants
  4 scorpions
  10 wights
  8 killer bees
  A howler monkey (D:8)
  2 electric eels (Lair:4)
  A bombardier beetle (D:5)
  2 hounds
  4 jellies
  2 gnoll boudas (D:7)
  9 orc priests
  4 sleepcaps
  18 orc wizards
  An iguana (D:4)
  7 adders
  23 gnolls
  A shadow imp (D:7)
  A white imp (D:7)
  4 ufetubi
  2 ribbon worms
  2 dart slugs
  58 orcs
  2 ball pythons
  5 endoplasms
  4 giant cockroaches
  13 hobgoblins
  3 quokkas
  5 bats
  7 goblins
  18 kobolds
  6 rats
418 creatures vanquished.

Vanquished Creatures (collateral kills)
  An elephant (Lair:4)
  2 yaks (Lair:4)
  A bullfrog (Lair:4)
4 creatures vanquished.

Vanquished Creatures (others)
  Nessos (Lair:4)
  A cyclops (D:8)
  110 fulminant prisms
112 creatures vanquished.

Grand Total: 534 creatures vanquished

Notes
Turn   | Place    | Note
-------+----------+-------------------------------------------
     0 | D:1      | whatisthis the Draconian Conjurer began the quest for the
                  | Orb.
     0 | D:1      | Reached XP level 1. HP: 14/14 MP: 3/3
   453 | D:1      | Reached XP level 2. HP: 20/20 MP: 1/5
  1179 | D:2      | Reached XP level 3. HP: 26/26 MP: 0/6
  1843 | D:2      | Found Niboivuk's Magic Scroll Shoppe.
  2341 | D:3      | Learned a level 2 spell: Searing Ray
  2407 | D:3      | Reached XP level 4. HP: 33/33 MP: 3/8
  2930 | D:3      | Reached skill level 5 in Conjurations
  2930 | D:3      | Reached XP level 5. HP: 37/38 MP: 2/10
  3232 | D:3      | Found a glowing golden altar of the Shining One.
  3436 | D:3      | Reached XP level 6. HP: 16/45 MP: 1/11
  3889 | D:3      | Found a basalt altar of Yredelemnul.
  4052 | D:4      | Found a blossoming altar of Fedhas.
  4157 | D:4      | Reached skill level 6 in Conjurations
  4433 | D:4      | Found a staircase to the Ecumenical Temple.
  4442 | Temple   | Entered the Ecumenical Temple
  4587 | D:4      | Your scales start taking on a dull iron-grey colour.
  4587 | D:4      | Reached XP level 7. HP: 50/50 MP: 3/14
  4851 | D:3      | Reached skill level 5 in Spellcasting
  5190 | D:4      | Found a shimmering altar of Xom.
  5207 | D:4      | Found a shimmering altar of Xom.
  5210 | D:4      | Found a shimmering altar of Xom.
  5470 | D:4      | Found a sacrificial altar of Ru.
  5496 | D:5      | Entered Level 5 of the Dungeon
  5818 | D:5      | Reached skill level 7 in Conjurations
  5826 | D:5      | Reached XP level 8. HP: 11/57 MP: 3/16
  6164 | D:5      | Found Lurrytei's Jewellery Boutique.
  6293 | D:5      | Found a runed translucent door.
  6294 | D:5      | Noticed Crazy Yiuf
  6309 | D:5      | Found a shimmering blue altar of Sif Muna.
  6590 | D:5      | Found a shadowy altar of Dithmenos.
  6857 | D:6      | Found Witimas's CLEARANCE SALE!.
  6871 | D:6      | Noticed Edmund
  6929 | D:5      | Reached skill level 5 in Dodging
  7284 | D:6      | Reached skill level 1 in Fighting
  7284 | D:6      | Reached skill level 8 in Conjurations
  7756 | D:6      | Reached XP level 9. HP: 68/68 MP: 8/19
  8516 | D:7      | Found a faded altar of an unknown god.
  8516 | D:7      | Found a faded altar of an unknown god.
  8549 | D:7      | Found a hazy altar of Hepliaklqana.
  8964 | D:7      | Reached skill level 9 in Conjurations
  9026 | D:7      | Found an iron altar of Okawaru.
  9348 | D:7      | Found a hide-covered altar of Uskayaw.
  9441 | D:7      | Found a snail-covered altar of Cheibriados.
  9934 | D:8      | Reached skill level 5 in Fighting
 10173 | D:8      | Identified the +5 sling of Wrath {freeze, Fly Str+5 Dex+2
                  | Stlth-}
 10193 | D:8      | Noticed a cyclops
 10193 | D:8      | Noticed a centaur warrior
 10311 | D:8      | Reached XP level 10. HP: 60/83 MP: 12/22
 10411 | D:8      | Learned a level 4 spell: Fulminant Prism
 10892 | D:8      | Killed a centaur warrior
 10893 | D:8      | Reached skill level 10 in Conjurations
 10940 | D:8      | Learned a level 4 spell: Iskenderun's Mystic Blast
 10966 | D:8      | Noticed Erica
 10980 | D:8      | Killed Erica
 11575 | D:9      | Noticed a gargoyle
 11655 | D:9      | Noticed Gastronok
 12157 | D:9      | Found a staircase to the Orcish Mines.
 12199 | D:9      | Noticed Erolcha
 12540 | D:9      | Noticed Jeremiah
 12579 | D:9      | Killed Jeremiah
 12812 | D:9      | Found a radiant altar of Vehumet.
 12824 | D:9      | Became a worshipper of Vehumet
 13113 | D:9      | Killed Gastronok
 13114 | D:9      | Reached skill level 11 in Conjurations
 13114 | D:9      | Reached XP level 11. HP: 13/95 MP: 3/24
 13367 | D:9      | Learned a level 3 spell: Mephitic Cloud
 13735 | D:10     | Entered Level 10 of the Dungeon
 14023 | D:10     | Noticed a two-headed ogre
 14036 | D:10     | Killed a two-headed ogre
 14060 | D:10     | Reached skill level 10 in Spellcasting
 14348 | D:10     | Found an iron altar of Okawaru.
 14770 | D:10     | Learned a level 3 spell: Stone Arrow
 14899 | D:10     | Found a faded altar of an unknown god.
 14899 | D:10     | Found a sparkling altar of Nemelex Xobeh.
 14906 | D:10     | Found a faded altar of an unknown god.
 14908 | D:10     | Found an ancient bone altar of Kikubaaqudgha.
 14910 | D:10     | Found a bloodstained altar of Trog.
 15144 | D:10     | Found a staircase to the Lair.
 15362 | D:11     | Reached skill level 1 in Earth Magic
 15747 | D:11     | Identified the +3 leather armour "Biddok" {Int+3}
 15854 | D:11     | Reached * piety under Vehumet
 15854 | D:11     | Offered knowledge of Sandblast by Vehumet.
 16940 | D:12     | Noticed a tengu warrior
 17261 | Lair:1   | Entered Level 1 of the Lair of Beasts
 17355 | Lair:1   | Noticed Amaemon
 17359 | Lair:1   | Killed Amaemon
 17360 | Lair:1   | Reached skill level 12 in Conjurations
 17582 | Lair:1   | Noticed Joseph
 17594 | Lair:1   | Killed Joseph
 17771 | Lair:1   | Reached XP level 12. HP: 104/104 MP: 6/26
 17906 | Lair:1   | Offered knowledge of Freeze by Vehumet.
 17918 | Lair:1   | Reached ** piety under Vehumet
 19116 | Lair:2   | Found a staircase to the Shoals.
 19149 | Lair:2   | Noticed Sonja
 19153 | Lair:2   | Killed Sonja
 19614 | Lair:2   | Found a large runed translucent door.
 19614 | Lair:2   | Found a large runed translucent door.
 19616 | Lair:2   | Noticed Magod's ghost (journeyman HOFi)
 19721 | Lair:2   | Reached skill level 13 in Conjurations
 19987 | Lair:2   | Noticed an eight-headed hydra
 19993 | Lair:2   | Killed an eight-headed hydra
 20458 | Lair:3   | Found a dark tunnel.
 20568 | Lair:3   | Offered knowledge of Volatile Blastmotes by Vehumet.
 20963 | Lair:3   | Reached *** piety under Vehumet
 21131 | Lair:3   | Identified the +3 morningstar of Cocytus {freeze, ^Fragile
                  | Fly rPois Str+5}
 21302 | Lair:3   | Reached XP level 13. HP: 80/111 MP: 18/29
 21368 | Lair:3   | Found a hole to the Spider Nest.
 21377 | Lair:3   | Offered knowledge of Frozen Ramparts by Vehumet.
 22583 | Lair:4   | Found a viscous altar of Jiyva.
 22584 | Lair:4   | Found a staircase to the Slime Pits.
 22813 | Lair:4   | Noticed Nessos
 22825 | Lair:4   | Reached skill level 14 in Conjurations
 22881 | Lair:4   | Killed Nessos
 23187 | Lair:4   | Reached **** piety under Vehumet
 23345 | Lair:5   | Entered Level 5 of the Lair of Beasts
 23365 | Lair:5   | Offered knowledge of Ignite Poison by Vehumet.
 24000 | Lair:5   | Noticed a dire elephant
 24231 | Lair:4   | Paralysed by a hornet for 3 turns
 24232 | Lair:4   | HP: 5/111 [poisoned by a hornet]
 24232 | Lair:4   | Slain by a hornet

Illustrated notes

Levels and vault maps discovered:
D:1:      minmay_arrival_jagged, layout_basic, eino_curves_02
D:2:      layout_basic, serial_shops, nicolae_shop_rolling_square
D:3:      layout_rooms, nicolae_tso_carved_into_rock, lemuel_tele_altar
D:4:      layout_cave_pools, mainiacjoe_overflow_alcove_2, xom_redecorated,
          nicolae_ru_path_of_blood, minmay_temple_entry_fiery
D:5:      layout_loops_ring, kennysheep_mini_moat, lemuel_crystal_altar,
          serial_shops, nicolae_diamond_shop, dk_noncrumbling_4,
          uniq_crazy_yiuf_cottage
D:6:      layout_gridville, nicolae_shop_clearance, uniq_edmund
D:7:      layout_loops_ring, nicolae_hepliaklqana_ecumenical_no_more,
          mainiacjoe_overflow_six_doors_small, cheibriados_altar_1,
          minmay_ruined_shrine
D:8:      minmay_ornate_pinched, layout_loops_ring, uniq_erica
D:9:      layout_stronghold, mainiacjoe_overflow_catwalk, david_orc_4,
          uniq_jeremiah, uniq_erolcha, uniq_gastronok
D:10:     layout_grid_maze, kennysheep_okawaru_gauntlet,
          chequers_temple_overflow_minitemple, lair_entry_dummy,
          kennysheep_path_1, dk_vineyard_3
D:11:     layout_roguey, serial_corexii_hall, corexii_hall_statues_t,
          corexii_hall_statues_l, corexii_hall_statues_deadend
D:12:     layout_basic, nicolae_twisting_strands
Temple:   hellmonk_temple_two_chambers
Lair:1:   layout_roguey, chequers_serial_rivers_room_a, lemuel_another_geyser,
          lemuel_fruit_tree, uniq_amaemon, uniq_joseph
Lair:2:   layout_chaotic_city, shoals_dummy_entry, ebering_ghost_disaster_area,
          uniq_sonja
Lair:3:   layout_roguey, spider_nest_entry_a, enter_volcano_2,
          chequers_serial_rivers_small_3, st_stairs_3
Lair:4:   layout_hall_layers, slime_entry_1, grunt_megastairs_4,
          lemuel_fruit_fields, serial_bayou_shore_a, infiniplex_staircase_pool,
          uniq_nessos
Lair:5:   gammafunk_lair_ancient_temple, layout_regular_city

Skill      XL: |  1  2  3  4  5  6  7  8  9 10 11 12 13 |
---------------+----------------------------------------+-----
Dodging        | 2 3 4 5 8 9 |  9.3
Spellcasting   | 3 4 5 6 8 9 10 12 | 12.9
Conjurations   | 5 6 7 8 9 11 12 13 14 | 14.4
Fighting       | 2 5 8 9 |  9.1
Earth Magic    | 4 |  4.8
Stealth        | |  1.7

Action                     |  1- 3 |  4- 6 |  7- 9 | 10-12 | 13-15 || total
---------------------------+-------+-------+-------+-------+-------++-------
  Melee: Whip              |    11 |       |       |       |       ||    11
         Tailslap          |     1 |       |    10 |    27 |    13 ||    51
         Spear             |     1 |    10 |       |       |       ||    11
         Punch             |       |     1 |     1 |     1 |     1 ||     4
         Dagger            |       |       |    57 |    71 |       ||   128
         Demon whip        |       |       |       |    74 |    46 ||   120
   Fire: Sling             |       |       |    11 |    80 |       ||    91
  Throw: Dart              |     5 |       |     9 |    50 |       ||    64
         Throwing net      |       |       |       |     1 |       ||     1
   Cast: Magic Dart        |    69 |   109 |   126 |     5 |       ||   309
         Searing Ray       |     1 |    16 |    88 |    80 |       ||   185
         Fulminant Prism   |       |       |       |    74 |    36 ||   110
         Stone Arrow       |       |       |       |   131 |    90 ||   221
         Iskenderun's Myst |       |       |       |    13 |     7 ||    20
  Evoke: Wand              |       |     3 |     4 |     6 |    11 ||    24
    Use: Potion            |     1 |       |     1 |     1 |     3 ||     6
         Scroll            |       |       |     2 |    10 |     1 ||    13
 Armour: Skin              |    21 |    20 |   195 |   310 |   102 ||   648
  Dodge: Dodged            |    14 |    22 |   141 |   290 |   104 ||   571

Table legend: (Time is in decaauts)
 A = Elapsed time spent in this place.
 B = Non-inter-level travel time spent in this place.
 C = Inter-level travel time spent in this place.
 D = Time resting spent in this place.
 E = Time spent auto-exploring this place.
 F = Levels seen in this place.
 G = Mean time per level.
                   A        B        C        D        E       F      G
               +--------+--------+--------+--------+--------+-----+--------+
         Total |  24326 |  23237 |   1089 |   8842 |   8649 |  18 | 1351.4 |
       Dungeon |  17672 |  16849 |    823 |   5906 |   6757 |  12 | 1472.7 |
        Temple |      7 |      4 |      3 |      0 |      0 |   1 |    7.0 |
          Lair |   6645 |   6382 |    263 |   2936 |   1892 |   5 | 1329.0 |
               +--------+--------+--------+--------+--------+-----+--------+

Top non-repeatable levels by time:
     D:8: 2675 daAuts
  Lair:4: 2201 daAuts
    D:10: 2015 daAuts
     D:3: 1719 daAuts
     D:7: 1711 daAuts
     D:5: 1562 daAuts
  Lair:1: 1509 daAuts
     D:2: 1490 daAuts
  Lair:3: 1486 daAuts
    D:11: 1485 daAuts
  Lair:2: 1379 daAuts
     D:9: 1216 daAuts
     D:4: 1176 daAuts
     D:6: 1133 daAuts
     D:1: 1106 daAuts
